TOP OF THE 1ST |
Tennessee Smokies batting - Pitching for Harrisburg Senators : LHP Mike Alcaraz
|
Pitching: LHP Mike Alcaraz
|
|
Batting: RHB Adam Kelliher
|
0-0: Ground out 4-3 (Groundball, 4, EV 88.8 MPH)
|
Batting: RHB Vij Ramamani
|
0-0: Ball 1-0: SINGLE (Line Drive, 6MD, EV 95.6 MPH)
|
Batting: RHB Heitaro Tanaka
|
0-0: Ball 1-0: Called Strike 1-1: Fly out, F9 (Line Drive, 9, EV 98.8 MPH)
|
Batting: RHB Bobby Gray
|
0-0: Called Strike Vij Ramamani steals 2nd base 0-1: Swinging Strike 0-2: Foul Ball, location: 2F 0-2: Foul Ball, location: 2F 0-2: Strikes out swinging
|
Top of the 1st over - 0 runs, 1 hit, 0 errors, 1 left on base; Tennessee 0 - Harrisburg 0 |
BOTTOM OF THE 1ST |
Harrisburg Senators batting - Pitching for Tennessee Smokies : RHP Bob Gilliam
|
Pitching: RHP Bob Gilliam
|
|
Batting: SHB Dan Castaneda
|
0-0: Ball 1-0: Ball 2-0: Ball 3-0: Called Strike 3-1: Foul Ball, location: 2F 3-2: Base on Balls
|
Batting: RHB Ryan Hiemer
|
0-0: Ball 1-0: Called Strike 1-1: Swinging Strike 1-2: Ball 2-2: Foul Ball, location: 2F 2-2: Ball 3-2: Fielders Choice at 2nd, 5-4 (Groundball, 56, EV 88.8 MPH)
|
Batting: RHB Kevin Wick
|
0-0: Called Strike 0-1: Ball 1-1: Called Strike Ryan Hiemer is caught stealing 2nd base 2-4 1-2: Ground out 6-3 (Groundball, 6, EV 90.6 MPH)
|
Bottom of the 1st over - 0 runs, 0 hits, 0 errors, 0 left on base; Tennessee 0 - Harrisburg 0 |
TOP OF THE 2ND |
Tennessee Smokies batting - Pitching for Harrisburg Senators : LHP Mike Alcaraz
|
Batting: RHB Ryan Walker
|
0-0: Ball 1-0: Swinging Strike 1-1: Foul Ball, location: 2F 1-2: Fly out, F9 (Flyball, 9LS, EV 88.1 MPH)
|
Batting: RHB Brian Warren
|
0-0: Ball 1-0: Ball 2-0: Foul Ball, location: 2F 2-1: Foul Ball, location: 2F 2-2: Foul Ball, location: 2F 2-2: Foul Ball, location: 2F 2-2: Foul Ball, location: 2F 2-2: Foul Ball, location: 2F 2-2: Ground out 5-3 (Groundball, 56, EV 82.5 MPH)
|
Batting: LHB Brian Newton
|
0-0: Called Strike 0-1: Swinging Strike 0-2: Fly out, F8 (Flyball, 89M, EV 84.4 MPH)
|
Top of the 2nd over - 0 runs, 0 hits, 0 errors, 0 left on base; Tennessee 0 - Harrisburg 0 |
BOTTOM OF THE 2ND |
Harrisburg Senators batting - Pitching for Tennessee Smokies : RHP Bob Gilliam
|
Batting: RHB Deshawn Boseman
|
0-0: Ball 1-0: Swinging Strike 1-1: Ball 2-1: Ball 3-1: Base on Balls
|
Batting: RHB Ben Welt
|
0-0: Foul Ball, location: 2F 0-1: Foul Ball, location: 2F 0-2: Ball 1-2: Reached on error, E6 (Groundball, 56, EV 101.2 MPH) Deshawn Boseman to second
|
Batting: RHB Kevin Whitenack
|
0-0: Ball 1-0: Ball 2-0: Called Strike 2-1: Grounds into double play, 6-4-3 (Groundball, 6, EV 79.4 MPH) Deshawn Boseman to third
|
Batting: RHB John McNeill
|
0-0: Called Strike 0-1: Ball 1-1: Foul Ball, location: 2F 1-2: Foul Ball, location: 2F 1-2: Strikes out swinging
|
Bottom of the 2nd over - 0 runs, 0 hits, 1 error, 1 left on base; Tennessee 0 - Harrisburg 0 |
TOP OF THE 3RD |
Tennessee Smokies batting - Pitching for Harrisburg Senators : LHP Mike Alcaraz
|
Batting: RHB Nick Kleckner
|
0-0: Called Strike 0-1: Ball 1-1: Ball 2-1: Swinging Strike 2-2: SINGLE (Groundball, P, EV 88.1 MPH) (infield hit)
|
Batting: RHB John Iddings
|
0-0: Ball 1-0: Ball 2-0: Fly out, F8 (Flyball, 89D, EV 93.8 MPH)
|
Batting: RHB Adam Kelliher
|
0-0: Ball 1-0: Called Strike 1-1: Called Strike 1-2: Grounds into double play, 4-6-3 (Groundball, 4, EV 80.0 MPH)
|
Top of the 3rd over - 0 runs, 1 hit, 0 errors, 0 left on base; Tennessee 0 - Harrisburg 0 |
BOTTOM OF THE 3RD |
Harrisburg Senators batting - Pitching for Tennessee Smokies : RHP Bob Gilliam
|
Batting: RHB Jon Buscher
|
0-0: Called Strike 0-1: Ball 1-1: Ground out 5-3 (Groundball, 56S, EV 70.0 MPH)
|
Batting: RHB Joe Young
|
0-0: Ball 1-0: Ball 2-0: Foul Ball, location: 2F 2-1: Ground out 4-3 (Groundball, 4, EV 85.6 MPH)
|
Batting: SHB Dan Castaneda
|
0-0: Ground out 5-3 (Groundball, 5, EV 83.8 MPH)
|
Bottom of the 3rd over - 0 runs, 0 hits, 0 errors, 0 left on base; Tennessee 0 - Harrisburg 0 |
TOP OF THE 4TH |
Tennessee Smokies batting - Pitching for Harrisburg Senators : LHP Mike Alcaraz
|
Batting: RHB Vij Ramamani
|
0-0: Called Strike 0-1: Foul Ball, location: 2F 0-2: Fly out, F9 (Flyball, 9, EV 91.2 MPH)
|
Batting: RHB Heitaro Tanaka
|
0-0: Called Strike 0-1: Foul Ball, location: 2F 0-2: Ball 1-2: Ball 2-2: Foul Ball, location: 2F 2-2: Ball 3-2: Strikes out looking
|
Batting: RHB Bobby Gray
|
0-0: Ball 1-0: Ball 2-0: Called Strike 2-1: Ball 3-1: DOUBLE (Line Drive, 89XD, EV 110.0 MPH)
|
Batting: RHB Ryan Walker
|
0-0: Foul Ball, location: 2F 0-1: Ball 1-1: Called Strike 1-2: Foul Ball, location: 2F 1-2: Fly out, F8 (Flyball, 8RS, EV 82.5 MPH)
|
Top of the 4th over - 0 runs, 1 hit, 0 errors, 1 left on base; Tennessee 0 - Harrisburg 0 |
BOTTOM OF THE 4TH |
Harrisburg Senators batting - Pitching for Tennessee Smokies : RHP Bob Gilliam
|
Batting: RHB Ryan Hiemer
|
0-0: Foul Ball, location: 2F 0-1: Foul Ball, location: 2F 0-2: Ball 1-2: Ball 2-2: Ball 3-2: Base on Balls
|
Batting: RHB Kevin Wick
|
0-0: Ball 1-0: Ball 2-0: Foul Ball, location: 2F 2-1: Ball 3-1: Base on Balls Ryan Hiemer to second
|
Batting: RHB Deshawn Boseman
|
0-0: Called Strike 0-1: Ball 1-1: Foul Ball, location: 2F 1-2: Ball 2-2: Grounds into double play, 6-4-3 (Groundball, 6, EV 98.8 MPH) Ryan Hiemer to third
|
Batting: RHB Ben Welt
|
0-0: Ball 1-0: Ball Wild Pitch! Ryan Hiemer scores 2-0: Swinging Strike 2-1: Ball 3-1: Base on Balls
|
Pitching: RHP Ryan Masterson
|
|
Batting: RHB Kevin Whitenack
|
0-0: Called Strike 0-1: Swinging Strike 0-2: Foul Ball, location: 2F 0-2: Foul Ball, location: 2F 0-2: Strikes out looking
|
Bottom of the 4th over - 1 run, 0 hits, 0 errors, 1 left on base; Tennessee 0 - Harrisburg 1 |
TOP OF THE 5TH |
Tennessee Smokies batting - Pitching for Harrisburg Senators : LHP Mike Alcaraz
|
Batting: RHB Brian Warren
|
0-0: Foul Ball, location: 2F 0-1: Ball 1-1: Ball 2-1: Swinging Strike 2-2: Foul Ball, location: 2F 2-2: DOUBLE (Flyball, 9LD, EV 106.9 MPH)
|
Batting: LHB Brian Newton
|
0-0: Called Strike 0-1: Foul Ball, location: 2F 0-2: Hit by Pitch
|
Batting: RHB Nick Kleckner
|
0-0: Called Strike 0-1: Foul Ball, location: 2F 0-2: Ball 1-2: Ground out 3-1 (Groundball, 13, EV 84.4 MPH) Brian Warren to third Brian Newton to second
|
Batting: RHB John Iddings
|
0-0: Foul Ball, location: 2F 0-1: Called Strike 0-2: Ball 1-2: Foul Ball, location: 2F 1-2: Ball 2-2: Ground out 5-3 (Groundball, 5S, EV 91.9 MPH)
|
Batting: RHB Adam Kelliher
|
0-0: Foul Ball, location: 2F 0-1: SINGLE (Groundball, 56D, EV 94.4 MPH) Brian Warren scores Brian Newton to third Runner from 3rd tries for Home, SAFE, throw by LF to home
|
Batting: RHB Vij Ramamani
|
0-0: Swinging Strike 0-1: Ball Adam Kelliher steals 2nd base 1-1: Swinging Strike 1-2: Ball 2-2: Strikes out looking
|
Top of the 5th over - 2 runs, 2 hits, 0 errors, 1 left on base; Tennessee 2 - Harrisburg 1 |
BOTTOM OF THE 5TH |
Harrisburg Senators batting - Pitching for Tennessee Smokies : RHP Ryan Masterson
|
Batting: RHB John McNeill
|
0-0: Ball 1-0: Foul Ball, location: 2F 1-1: Called Strike 1-2: SINGLE (Groundball, 56S, EV 74.4 MPH) (infield hit)
|
Batting: RHB Jon Buscher
|
0-0: Called Strike 0-1: Swinging Strike 0-2: Ball 1-2: Ball 2-2: Strikes out swinging
|
Batting: RHB Joe Young
|
0-0: Ball 1-0: Swinging Strike 1-1: Ball 2-1: Grounds into double play, 6-4-3 (Groundball, 56, EV 104.4 MPH)
|
Bottom of the 5th over - 0 runs, 1 hit, 0 errors, 0 left on base; Tennessee 2 - Harrisburg 1 |
TOP OF THE 6TH |
Tennessee Smokies batting - Pitching for Harrisburg Senators : LHP Mike Alcaraz
|
Pitching: LHP Kyle Bachman
|
|
Batting: RHB Heitaro Tanaka
|
0-0: Called Strike 0-1: Ground out 6-3 (Groundball, 6, EV 95.0 MPH)
|
Batting: RHB Bobby Gray
|
0-0: Ball 1-0: Foul Ball, location: 2F 1-1: Foul Ball, location: 2F 1-2: Ground out 4-3 (Groundball, 4M, EV 86.2 MPH)
|
Batting: RHB Ryan Walker
|
0-0: Called Strike 0-1: Ball 1-1: Foul Ball, location: 2F 1-2: Foul Ball, location: 2F 1-2: Foul Ball, location: 2F 1-2: Foul Ball, location: 2F 1-2: Ball 2-2: Ball 3-2: Foul Ball, location: 2F 3-2: Foul Ball, location: 2F 3-2: Base on Balls
|
Batting: RHB Brian Warren
|
0-0: Fly out, F7 (Flyball, 78M, EV 91.9 MPH)
|
Top of the 6th over - 0 runs, 0 hits, 0 errors, 1 left on base; Tennessee 2 - Harrisburg 1 |
BOTTOM OF THE 6TH |
Harrisburg Senators batting - Pitching for Tennessee Smokies : RHP Ryan Masterson
|
Batting: SHB Dan Castaneda
|
0-0: Fly out, F7 (Flyball, 7, EV 90.6 MPH)
|
Batting: RHB Ryan Hiemer
|
0-0: Fly out, F4 (Popup, 4, EV 60.0 MPH)
|
Batting: RHB Kevin Wick
|
0-0: Called Strike 0-1: Ball 1-1: Foul Ball, location: 2F 1-2: Fly out, F7 (Flyball, 7S, EV 80.0 MPH)
|
Bottom of the 6th over - 0 runs, 0 hits, 0 errors, 0 left on base; Tennessee 2 - Harrisburg 1 |
TOP OF THE 7TH |
Tennessee Smokies batting - Pitching for Harrisburg Senators : LHP Kyle Bachman
|
Pitching: RHP Alpha Miller
|
|
Batting: LHB Brian Newton
|
0-0: Hit by Pitch
|
Batting: RHB Nick Kleckner
|
0-0: Bunt missed! 0-1: Bunt missed! 0-2: Fly out, F7 (Flyball, 7D, EV 92.5 MPH)
|
Batting: RHB John Iddings
|
0-0: Ball 1-0: SINGLE (Line Drive, 6M, EV 96.9 MPH) Brian Newton to second
|
Batting: RHB Adam Kelliher
|
0-0: Called Strike 0-1: Ball 1-1: Ball 2-1: Called Strike 2-2: Strikes out swinging
|
Batting: RHB Vij Ramamani
|
0-0: Called Strike 0-1: Ball 1-1: SINGLE (Groundball, 56D, EV 93.8 MPH) Brian Newton to third John Iddings to second Runner from 3rd tries for Home, SAFE, throw by LF to home
|
Now in LF: Travis Stanley
|
|
Batting: RHB Heitaro Tanaka
|
0-0: Ball 1-0: Ball 2-0: Called Strike 2-1: Foul Ball, location: 2F 2-2: Ball 3-2: Base on Balls John Iddings to third Vij Ramamani to second
|
Batting: RHB Bobby Gray
|
0-0: Ball 1-0: Foul Ball, location: 2F 1-1: Foul Ball, location: 2F 1-2: Fielders Choice at 2nd, 6-4 (Groundball, 6, EV 88.8 MPH)
|
Top of the 7th over - 1 run, 2 hits, 0 errors, 3 left on base; Tennessee 3 - Harrisburg 1 |
BOTTOM OF THE 7TH |
Harrisburg Senators batting - Pitching for Tennessee Smokies : RHP Ryan Masterson
|
Pitching: LHP Neal Brody
|
|
Batting: RHB Deshawn Boseman
|
0-0: Foul Ball, location: 2F 0-1: Foul Ball, location: 2F 0-2: Fly out, F7 (Flyball, 7D, EV 95.0 MPH)
|
Batting: RHB Travis Stanley
|
0-0: Fly out, F9 (Line Drive, 9, EV 90.6 MPH)
|
Batting: RHB Kevin Whitenack
|
0-0: Foul Ball, location: 2F 0-1: Called Strike 0-2: Ball 1-2: Ground out 6-3 (Groundball, 6, EV 96.2 MPH)
|
Bottom of the 7th over - 0 runs, 0 hits, 0 errors, 0 left on base; Tennessee 3 - Harrisburg 1 |
TOP OF THE 8TH |
Tennessee Smokies batting - Pitching for Harrisburg Senators : RHP Alpha Miller
|
Pitching: RHP Bill Stump
|
|
Batting: RHB Ryan Walker
|
0-0: Called Strike 0-1: Swinging Strike 0-2: Fly out, F8 (Flyball, 8RXD, EV 91.9 MPH)
|
Batting: RHB Brian Warren
|
0-0: Called Strike 0-1: Ground out U3 (Groundball, 3, EV 106.9 MPH)
|
Batting: LHB Brian Newton
|
0-0: Called Strike 0-1: Called Strike 0-2: Ground out 4-3 (Groundball, 34, EV 103.1 MPH)
|
Top of the 8th over - 0 runs, 0 hits, 0 errors, 0 left on base; Tennessee 3 - Harrisburg 1 |
BOTTOM OF THE 8TH |
Harrisburg Senators batting - Pitching for Tennessee Smokies : LHP Neal Brody
|
Batting: RHB John McNeill
|
0-0: Ground out 6-3 (Groundball, 56, EV 80.0 MPH)
|
Batting: RHB Jon Buscher
|
0-0: Ball 1-0: Foul Ball, location: 2F 1-1: Foul Ball, location: 2F 1-2: Ground out 4-3 (Groundball, 34, EV 86.9 MPH)
|
Batting: RHB Joe Young
|
0-0: Swinging Strike 0-1: Ball 1-1: SINGLE (Line Drive, 78S, EV 91.2 MPH)
|
Batting: SHB Dan Castaneda
|
0-0: Foul Ball, location: 2F 0-1: DOUBLE (Line Drive, 89D, EV 100.0 MPH) Joe Young to third Runner from 3rd tries for Home, SAFE, throw by RF to trailing runner, SAFE at third!
|
Batting: RHB Ryan Hiemer
|
0-0: Ball 1-0: Fly out, F8 (Line Drive, 8RM, EV 94.4 MPH)
|
Bottom of the 8th over - 1 run, 2 hits, 0 errors, 1 left on base; Tennessee 3 - Harrisburg 2 |
TOP OF THE 9TH |
Tennessee Smokies batting - Pitching for Harrisburg Senators : RHP Bill Stump
|
Batting: RHB Nick Kleckner
|
0-0: Ball 1-0: Called Strike 1-1: Foul Ball, location: 2F 1-2: Fly out, F8 (Flyball, 8RS, EV 81.9 MPH)
|
Batting: RHB John Iddings
|
0-0: Ball 1-0: Ball 2-0: Ground out 3-1 (Groundball, 34S, EV 85.6 MPH)
|
Batting: RHB Adam Kelliher
|
0-0: Called Strike 0-1: Swinging Strike 0-2: Strikes out swinging
|
Top of the 9th over - 0 runs, 0 hits, 0 errors, 0 left on base; Tennessee 3 - Harrisburg 2 |
BOTTOM OF THE 9TH |
Harrisburg Senators batting - Pitching for Tennessee Smokies : LHP Neal Brody
|
Pitching: LHP Mike Alexander
|
|
Batting: RHB Kevin Wick
|
0-0: Swinging Strike 0-1: Ball 1-1: Foul Ball, location: 2F 1-2: SINGLE (Line Drive, 78D, EV 102.5 MPH)
|
Batting: RHB Deshawn Boseman
|
0-0: Foul Ball, location: 2F 0-1: Foul Ball, location: 2F 0-2: SINGLE (Groundball, 6D, EV 95.0 MPH) Kevin Wick to second Runner from 2nd tries for 3rd, SAFE, no throw by CF
|
Batting: RHB Travis Stanley
|
0-0: Ball 1-0: Called Strike 1-1: Foul Ball, location: 2F 1-2: Foul Ball, location: 2F 1-2: DOUBLE (Line Drive, 78XD, EV 107.5 MPH) Kevin Wick scores Deshawn Boseman to third
|
Batting: RHB Kevin Whitenack
|
0-0: Called Strike 0-1: SINGLE (Groundball, 6, EV 93.1 MPH) (infield hit) Deshawn Boseman scores
|
Bottom of the 9th over - 2 runs, 4 hits, 0 errors, 0 left on base; Tennessee 3 - Harrisburg 4 |
|
Game Over ... Harrisburg defeats Tennessee, 4 to 3
|
|
|